 Dungeon Crawl Stone Soup version 0.26-a0-712-ga5a9c9c9d0 (webtiles) character file.

Game seed: 6754853623716593649

44708 nicanaca0 the Bludgeoner (level 14, -16/127 HPs)
             Began as a Hill Orc Monk on Oct 22, 2020.
             Was a High Priest of Beogh.
             Killed from afar by an orc sorcerer (31 damage)
             ... with a bolt of fire
             ... on level 2 of the Orcish Mines on Nov 11, 2020.
             The game lasted 00:57:03 (23581 turns).

nicanaca0 the Bludgeoner (Hill Orc Monk)           Turns: 23581, Time: 00:57:03

Health: -16/127    AC: 34    Str: 19    XL:     14   Next: 29%
Magic:  8/23       EV: 16    Int: 10    God:    Beogh [*****.]
Gold:   1588       SH: 22    Dex: 23    Spells: 13/13 levels left

rFire    x . .     SeeInvis .   Q - +2 whip (venom)
rCold    + + .     Faith    .   B - +0 tower shield "Geicly" {Dex+6} (curse)
rNeg     . . .     Spirit   .   w - +8 ice dragon scales "Giceam" {rF- rC++ Dex+4}
rPois    +         Reflect  +   m - +2 helmet
rElec    .         Harm     .   h - +1 cloak
rCorr    .         Rampage  .   V - +2 pair of gloves
MR       +....                  E - +2 pair of boots {run}
Stlth    +.........             x - amulet of reflection
HPRegen  0.31/turn              Z - ring of Phasing {EV+8}
MPRegen  0.18/turn              b - ring of poison resistance

@: liquid flames, glowing, lightly drained, quick
A: walk on water
a: Smiting, Recall Orcish Followers, Give Item to Named Follower, Renounce
Religion


You were on level 2 of the Orcish Mines.
You worshipped Beogh.
Beogh was extremely pleased with you.
You visited 3 branches of the dungeon, and saw 21 of its levels.

You collected 2389 gold pieces.
You spent 801 gold pieces at shops.

Inventory:

Hand Weapons
 L - a +4 morningstar
 Q - a +2 whip of venom (weapon)
 S - a +0 whip of electrocution
 T - a +4 battleaxe of holy wrath
 U - a cursed -3 glaive
Missiles
 k - 108 poisoned darts (quivered)
 s - 5 silver javelins
 M - 10 curare-tipped darts
Armour
 h - a +1 cloak (worn)
 m - a +2 helmet (worn)
 w - the +8 ice dragon scales "Giceam" (worn) {rF- rC++ Dex+4}
   (You found it on level 5 of the Dungeon)

   It affects your dexterity (+4).
   It makes you vulnerable to fire.
   It greatly protects you from cold.
 B - the cursed +0 tower shield "Geicly" (worn) {Dex+6}
   (You bought it in a shop on level 1 of the Orcish Mines)

   It affects your dexterity (+6).
   It has a curse placed upon it.
 E - a +2 pair of boots of running (worn)
 J - the +0 scale mail of Oily Amelioration {rElec Str-2 Dex+4}
   (You found it on level 4 of the Lair of Beasts)

   It affects your strength (-2).
   It affects your dexterity (+4).
   It insulates you from electricity.
 V - a +2 pair of gloves (worn)
Jewellery
 b - a ring of poison resistance (right hand)
 d - an uncursed ring of fire
 f - an uncursed ring of ice
 j - an uncursed ring of positive energy
 x - an amulet of reflection (around neck)
 C - a +6 ring of strength
 N - an uncursed amulet of faith
 Z - the ring of Phasing (left hand) {EV+8}
   (You found it on level 4 of the Lair of Beasts)

   [ring of evasion]

   It affects your evasion (+8).
Wands
 e - a wand of polymorph (18)
 q - a wand of iceblast (7)
 K - a wand of disintegration (23)
 O - a wand of digging (7)
 P - a wand of flame (36)
 W - a wand of paralysis (8)
Scrolls
 g - a scroll of identify {@r1}
 i - 9 scrolls of remove curse {@r2}
 t - 2 scrolls of blinking
 u - 2 scrolls of fear
 v - 6 scrolls of teleportation
 y - 7 scrolls of amnesia
 F - a scroll of enchant armour
 X - 3 scrolls of enchant weapon
 Y - a scroll of summoning
Potions
 a - 4 potions of mutation
 c - 6 potions of haste
 l - a potion of stabbing
 n - 4 potions of heal wounds
 o - 5 potions of lignification
 r - 2 potions of invisibility
 A - a potion of cancellation
 D - a potion of resistance
 G - a potion of flight
 R - 5 potions of curing {@q1}
Miscellaneous
 p - a condenser vane (2/2)


   Skills:
 + Level 12.7(12.3) Fighting
 - Level 16.0(15.5) Maces & Flails
 + Level 10.8(10.4) Armour
 - Level 2.4(2.0) Dodging
 - Level 1.5(1.2) Stealth
 + Level 9.5(9.1) Shields
 * Level 13.1(12.7) Invocations


You had 13 spell levels left.
You didn't know any spells.
Your spell library contained the following spells:

 Spells                   Type           Power        Failure   Level
 Animate Skeleton         Necr           #.....       100%        1
 Apportation              Tloc           #.....       100%        1
 Corona                   Hex            #......      100%        1
 Summon Small Mammal      Summ           #...         100%        1
 Call Imp                 Summ           #.......     100%        2
 Call Canine Familiar     Summ           #.......     100%        3
 Summon Guardian Golem    Hex/Summ       #.......     100%        3
 Summon Ice Beast         Ice/Summ       #.......     100%        4
 Summon Lightning Spire   Summ/Air       #.......     100%        4


Dungeon Overview and Level Annotations

Branches:
Dungeon (13/15)            Temple (0/1) D:6            Lair (6/6) D:9
  Swamp (0/4) Lair:2        Snake (0/4) Lair:2        Slime (0/5) Lair:5
    Orc (2/2) D:12            Elf (0/3) Orc:2
 Vaults: D:13-14

Altars:
Dithmenos
Elyvilon
Fedhas
Kikubaaqudgha
Nemelex Xobeh
Sif Muna
Trog
Uskayaw
Wu Jian
Xom

Shops:
D:4 !!?   D:7 !   D:11 }   D:12 *   Orc:1 [   Orc:2 [

Annotations:
D:9 1 runed translucent door, PanSaczeczos's ghost, novice HOFi
Lair:5 2 transporters, Seod's ghost, journeyman FoAK
Lair:6 3 runed translucent doors, Merhol's ghost, journeyman OpCj; Omnoiq's ghost, journeyman DrIE; Ynufiagy's ghost, journeyman MiBe; kae's ghost, journeyman OpTm
Orc:2 2 transporters, p0werm0de's ghost, journeyman MiFi


Message History

The chaos spawn dies!
The chaos spawn degenerates into a cloud of primal chaos!
Your orc knight hits the orc sorcerer from afar with a +0 halberd!
The orc sorcerer hits you with a +0 dagger.
* * * LOW HITPOINT WARNING * * *
You whack the orc high priest!
The orc high priest is poisoned.
The orc high priest is moderately wounded.
You are covered in liquid flames!
* * * LOW HITPOINT WARNING * * *
The orc high priest mumbles some strange prayers to Beogh.
The orc knight roars a battlecry!
The orc high priest goes into a battle-frenzy!
You hit the orc knight.
The orc knight is poisoned.
The orc knight is lightly wounded.
You are covered in liquid flames!
* * * LOW HITPOINT WARNING * * *
The orc sorcerer points at you and mumbles some strange words.
The bolt of fire hits you!! The fire burns you terribly!
You die...
Beogh appreciates the orc sorcerer's killing of a heretic priest.

#÷... ##.....
...÷).. ##...)...
##.3.÷). #.)3).
##ooo# #oo@#
#ooo## #..o.###
##.).).#######
##).........#
#### ##.........#
##.#.
###..)).).###....
##.)..)..##..#.
#..)[..)......


You could see an orc knight (strong, very poisoned), an orc high priest (strong,
very poisoned), a smoke demon (summoned), a ynoxinul (summoned), an orc sorcerer
(strong, very poisoned), a friendly orc knight, 2 friendly orc warriors, the
friendly Wargath the orc warrior (strong) and 2 friendly orcs.

Vanquished Creatures
  6 hydras
  Fannar (D:12)
  A catoblepas (Lair:5)
  2 two-headed ogres
  3 orc high priests (Orc:2)
  A death yak (Lair:6)
  Urug (D:12)
  Sonja (Lair:5)
  Nergalle (Lair:3)
  Pikel (D:7)
  An orc knight (Orc:2)
  An orc sorcerer (Orc:2)
  An ugly thing (D:13)
  A deep elf mage (D:12)
  2 oklob plants (Lair:5)
  2 black mambas
  7 cane toads
  A torpor snail (Lair:5)
  Maggie (D:7)
  A rime drake (Lair:6)
  3 komodo dragons
  3 trolls
  A polar bear (Lair:2)
  7 blink frogs
  A removed hippogriff (D:7)
  2 dream sheep (Lair:6)
  A shadow (D:12)
  15 yaks
  3 spriggans (Lair:6)
  2 steam dragons
  A wyvern (Lair:3)
  A basilisk (Lair:5)
  3 vampire mosquitoes (Lair:4)
  2 hogs (Lair:6)
  3 nagas (Lair:2)
  Grum (D:8)
  Menkaure (D:7)
  A warg (Orc:2)
  An insubstantial wisp (Lair:4)
  8 water moccasins
  3 removed porcupines (D:9)
  A swamp drake (Lair:4)
  4 orc warriors
  2 ice beasts
  3 sky beasts
  3 black bears
  2 phantoms
  5 ogres
  2 necrophages (D:8)
  An eye of draining (D:12)
  8 wolves
  7 centaurs
  A removed crocodile (D:9)
  2 big kobolds
  17 bullfrogs
  A wyvern skeleton (D:3)
  4 scorpions
  8 killer bees
  26 wights
  An electric eel (D:12)
  4 howler monkeys
  A quasit (D:9)
  A bullfrog zombie (D:5)
  7 jellies
  3 hounds
  A bullfrog skeleton (D:7)
  2 orc priests (D:11)
  Ijyb (D:4)
  5 iguanas
  10 orc wizards
  3 hell rats (Lair:3)
  8 worker ants
  A killer bee zombie (D:7)
  2 hound skeletons
  5 gnolls (Orc:2)
  13 adders
  A shadow imp (D:5)
  A white imp (D:7)
  2 ufetubi
  3 oozes
  2 adder skeletons
  4 worms
  4 dart slugs (D:1)
  5 leopard geckos
  19 orcs
  9 bats
  5 giant cockroaches
  6 goblins
  8 hobgoblins
  15 jackals
  6 quokkas
  5 frilled lizards
  12 kobolds
  2 quokka skeletons
  6 rats
379 creatures vanquished.

Vanquished Creatures (collateral kills)
  Kirke (Lair:6)
  2 hydras
  5 death yaks (Lair:6)
  2 orc knights (Orc:2)
  2 black mambas
  4 cane toads
  A rime drake (Lair:6)
  4 komodo dragons
  2 trolls (Orc:2)
  6 blink frogs
  3 dream sheep (Lair:6)
  A bog body (Lair:2)
  3 spriggans (Lair:6)
  A wyvern (Lair:6)
  4 basilisks
  21 yaks
  A hog (Lair:6)
  3 nagas (Lair:2)
  2 wargs
  2 water moccasins
  8 orc warriors
  A sky beast (D:11)
  2 ogres
  A centaur (D:12)
  5 wolves
  A big kobold (D:10)
  4 bullfrogs
  A wyvern zombie (D:11)
  A scorpion (Lair:2)
  3 killer bees
  3 wights
  A bullfrog zombie (D:11)
  2 hounds
  A jelly (D:10)
  2 orc priests (Orc:2)
  A bullfrog skeleton (D:11)
  3 orc wizards
  3 worker ants
  A hell rat (Lair:3)
  A gnoll (Orc:2)
  2 adders (D:9)
  11 orcs
  3 kobolds
  A quokka (D:11)
132 creatures vanquished.

Vanquished Creatures (others)
  2 orc sorcerers
  2 orc knights (Orc:2)
  A wizard (D:10)
  6 orc priests
  7 orc warriors
  10 orc wizards
  27 orcs
  A bush (Lair:6)
  76 fungi
  61 plants
193 creatures vanquished.

Grand Total: 704 creatures vanquished

Notes
Turn   | Place    | Note
-------+----------+-------------------------------------------
     0 | D:1      | nicanaca0 the Hill Orc Monk began the quest for the Orb.
     0 | D:1      | Reached XP level 1. HP: 19/19 MP: 1/1
   113 | D:1      | Reached XP level 2. HP: 21/26 MP: 2/2
   199 | D:1      | Reached skill level 4 in Maces & Flails
   698 | D:1      | Reached XP level 3. HP: 29/31 MP: 3/3
  1163 | D:1      | Reached skill level 5 in Maces & Flails
  1586 | D:2      | Found a shimmering blue altar of Sif Muna.
  1660 | D:2      | Reached XP level 4. HP: 23/39 MP: 4/4
  2316 | D:2      | Reached skill level 6 in Maces & Flails
  2316 | D:2      | Reached XP level 5. HP: 36/45 MP: 5/5
  2855 | D:3      | Found a sparkling altar of Nemelex Xobeh.
  3154 | D:3      | Found an ancient bone altar of Kikubaaqudgha.
  3154 | D:3      | Found a white marble altar of Elyvilon.
  3295 | D:3      | HP: 1/45 [wyvern skeleton (10)]
  3296 | D:3      | Reached skill level 12 in Maces & Flails
  3296 | D:3      | Reached XP level 6. HP: 1/63 MP: 6/6
  3834 | D:3      | Found a hide-covered altar of Uskayaw.
  3837 | D:3      | Found an ornate altar of the Wu Jian Council.
  3902 | D:4      | Noticed Ijyb
  3930 | D:4      | Killed Ijyb
  4104 | D:4      | Found Husyonn's Jewellery Boutique.
  4125 | D:4      | Found Cirrod's Distillery.
  4132 | D:4      | Bought a potion of heal wounds for 65 gold pieces
  4218 | D:4      | Found Xeson's Magic Scroll Shoppe.
  4241 | D:4      | Bought a scroll of blinking for 97 gold pieces
  4332 | D:4      | Found a bloodstained altar of Trog.
  4422 | D:4      | Reached XP level 7. HP: 70/70 MP: 7/7
  4577 | D:4      | Found Ipudiad's Distillery.
  4672 | D:5      | Entered Level 5 of the Dungeon
  4741 | D:5      | Got distressingly furry ice dragon scales
  4751 | D:5      | Identified the +8 ice dragon scales "Giceam" {rF- rC++
                  | Dex+4} (You found it on level 5 of the Dungeon)
  4906 | D:5      | Reached skill level 1 in Armour
  5069 | D:5      | Reached XP level 8. HP: 78/78 MP: 8/8
  5206 | D:5      | Reached skill level 1 in Shields
  5716 | D:6      | Reached skill level 13 in Maces & Flails
  5898 | D:6      | Found a shimmering altar of Xom.
  6068 | D:6      | Found a staircase to the Ecumenical Temple.
  6217 | D:6      | Became a worshipper of Beogh the Brigand
  6217 | D:6      | Reached * piety under Beogh
  6217 | D:6      | Reached ** piety under Beogh
  6249 | D:6      | Got a polished spear
  6611 | D:7      | Reached XP level 9. HP: 58/83 MP: 9/9
  6805 | D:7      | Found a blossoming altar of Fedhas.
  6807 | D:7      | Noticed Pikel
  6816 | D:7      | Killed Pikel
  6899 | D:7      | Found Xasos's Distillery.
  6902 | D:7      | Bought a potion of curing for 36 gold pieces
  7000 | D:7      | Found a shadowy altar of Dithmenos.
  7169 | D:7      | Noticed Maggie
  7188 | D:7      | Killed Maggie
  7204 | D:7      | Noticed a troll
  7219 | D:7      | Killed a troll
  7219 | D:7      | Reached XP level 10. HP: 24/91 MP: 7/10
  7397 | D:7      | Reached skill level 14 in Maces & Flails
  7681 | D:7      | Noticed Menkaure
  7687 | D:7      | Killed Menkaure
  7856 | D:7      | Reached skill level 5 in Armour
  8043 | D:8      | Noticed Grum
  8065 | D:8      | Killed Grum
  8616 | D:8      | Noticed a two-headed ogre
  8626 | D:8      | Killed a two-headed ogre
  9106 | D:8      | Reached *** piety under Beogh
  9417 | D:9      | Reached skill level 15 in Maces & Flails
  9532 | D:9      | Found a staircase to the Lair.
  9548 | D:9      | Reached XP level 11. HP: 96/97 MP: 11/11
  9713 | D:9      | Noticed PanSaczeczos's ghost (novice HOFi)
  9737 | D:9      | Found a runed translucent door.
 10187 | D:10     | Entered Level 10 of the Dungeon
 10377 | D:10     | Found a bloodstained altar of Trog.
 10378 | D:10     | Noticed a wizard
 10384 | D:10     | Killed a wizard
 10421 | D:10     | Reached **** piety under Beogh
 10524 | D:10     | Gained Bogric as an ally
 11314 | D:11     | Found Vicvypt's Gadget Shoppe.
 11368 | D:11     | Gained Boldo as an ally
 11374 | D:11     | Reached ***** piety under Beogh
 11813 | D:11     | Identified the +9 spear of Zin's Hope {freeze, +Inv +Fly
                  | Dex+4} (You found it on level 6 of the Dungeon)
 11836 | D:11     | Upgraded the game from 0.26-a0-651-gb41185065b to
                  | 0.26-a0-712-ga5a9c9c9d0
 12154 | D:12     | Reached skill level 1 in Invocations
 12178 | D:12     | Found Koyt's Demolitions Depot.
 12201 | D:12     | Found a staircase to the Orcish Mines.
 12224 | D:12     | Reached skill level 5 in Shields
 12346 | D:12     | Noticed a four-headed hydra
 12358 | D:12     | Killed a six-headed hydra
 12358 | D:12     | Reached skill level 10 in Fighting
 12478 | D:12     | Noticed Fannar
 12481 | D:12     | Noticed a deep elf mage
 12495 | D:12     | Killed Fannar
 12500 | D:12     | Killed a deep elf mage
 12604 | D:12     | Noticed a two-headed ogre
 12612 | D:12     | Killed a two-headed ogre
 12766 | D:12     | Noticed Urug
 12772 | D:12     | Killed Urug
 13317 | D:12     | Reached XP level 12. HP: 89/106 MP: 15/15
 13868 | D:13     | Got a shimmering scale mail
 13908 | D:13     | Reached skill level 5 in Invocations
 14215 | Lair:1   | Entered Level 1 of the Lair of Beasts
 14417 | Lair:1   | Noticed a five-headed hydra
 14441 | Lair:1   | Killed a five-headed hydra
 14441 | Lair:1   | Reached skill level 16 in Maces & Flails
 14866 | Lair:1   | Noticed a five-headed hydra
 14880 | Lair:1   | Killed a five-headed hydra
 16073 | Lair:2   | Identified the cursed +1 scale mail "Oleugei" {-Cast Harm
                  | Str+2 Slay+5} (You found it on level 13 of the Dungeon)
 16200 | Lair:2   | Noticed a six-headed hydra
 16213 | Lair:2   | Killed a six-headed hydra
 16595 | Lair:2   | Found a staircase to the Snake Pit.
 16686 | Lair:2   | Found a staircase to the Swamp.
 17253 | Lair:3   | Noticed Nergalle
 17255 | Lair:3   | Killed Nergalle
 17467 | Lair:3   | Reached XP level 13. HP: 106/116 MP: 19/19
 18371 | Lair:4   | Got a bloodstained scale mail
 18422 | Lair:4   | Reached skill level 10 in Invocations
 18608 | Lair:4   | Gained Jorge as an ally
 18813 | Lair:4   | Found the ring of Phasing {EV+8}
 19169 | Lair:4   | Identified the +0 scale mail of Oily Amelioration {rElec
                  | Str-2 Dex+4} (You found it on level 4 of the Lair of
                  | Beasts)
 19191 | Lair:5   | Noticed Sonja
 19193 | Lair:5   | Killed Sonja
 19794 | Lair:5   | Noticed Seod's ghost (journeyman FoAK)
 19831 | Lair:5   | Found a transporter.
 19833 | Lair:5   | Found a transporter.
 20321 | Lair:5   | Reached skill level 10 in Armour
 20413 | Lair:5   | Found a staircase to the Slime Pits.
 20417 | Lair:5   | Your ally Jorge died
 21119 | Lair:6   | Entered Level 6 of the Lair of Beasts
 21268 | Lair:6   | Found a runed translucent gate.
 21496 | Lair:6   | Noticed Kirke
 21500 | Lair:6   | Gained Agrik as an ally
 21506 | Lair:6   | Killed Kirke
 21864 | Lair:6   | Reached XP level 14. HP: 115/127 MP: 23/23
 22241 | Lair:6   | Noticed Omnoiq's ghost (journeyman DrIE)
 22242 | Lair:6   | Found a runed translucent gate.
 22242 | Lair:6   | Found a runed translucent gate.
 22242 | Lair:6   | Noticed Omnoiq's ghost (journeyman DrIE)
 22242 | Lair:6   | Noticed Ynufiagy's ghost (journeyman MiBe)
 22242 | Lair:6   | Noticed Merhol's ghost (journeyman OpCj)
 22307 | Lair:6   | Your ally Agrik died
 22427 | Lair:6   | Noticed kae's ghost (journeyman OpTm)
 22851 | Orc:1    | Entered Level 1 of the Orcish Mines
 22891 | Orc:1    | Found Jeis's Antique Armour Emporium.
 22906 | Orc:1    | Bought a faintly glowing tower shield for 247 gold pieces
 22906 | Orc:1    | Bought a pair of glowing boots for 195 gold pieces
 22916 | Orc:1    | Identified the cursed +0 tower shield "Geicly" {Dex+6} (You
                  | bought it in a shop on level 1 of the Orcish Mines)
 22921 | Orc:1    | Identified a +1 pair of boots of running (You bought it in
                  | a shop on level 1 of the Orcish Mines)
 22923 | Orc:1    | Identified a scroll of acquirement
 22924 | Orc:1    | Acquired 770 gold pieces
 23002 | Orc:2    | Entered Level 2 of the Orcish Mines
 23249 | Orc:2    | Noticed p0werm0de's ghost (journeyman MiFi)
 23264 | Orc:2    | Found a transporter.
 23272 | Orc:2    | Found a transporter.
 23294 | Orc:2    | Gained Wargath as an ally
 23378 | Orc:2    | Found a staircase to the Elven Halls.
 23425 | Orc:2    | Found Gatrikip's Armour Emporium.
 23432 | Orc:2    | Bought a +1 cloak for 161 gold pieces
 23515 | Orc:2    | Reached ****** piety under Beogh
 23581 | Orc:2    | Killed from afar by an orc sorcerer

Illustrated notes

Levels and vault maps discovered:
D:1:      minmay_arrival_semitransparent, layout_rooms
D:2:      layout_basic, led_sif_pool
D:3:      layout_basic, grunt_temple_overflow_cloverleaf, nemelex_altar_shiori
D:4:      layout_basic, lightli_temple_of_fire, serial_shops, shop,
          nicolae_shop_stone, shop, shop, uniq_ijyb
D:5:      layout_loops_ring, corner_web_ring, minmay_crystal_room
D:6:      layout_loops_ring, minmay_temple_entry_junction_2, basic_altar
D:7:      layout_loops_ring, grunt_dithmenos_smoke_and_mirrors, serial_glass,
          glass_columns_c, glass_columns_c, serial_shops,
          nicolae_shop_behind_doors, fedhas_bush_and_centaur_altar,
          uniq_menkaure, uniq_maggie, uniq_pikel
D:8:      layout_layer_cave, uniq_grum
D:9:      layout_irregular_city, due_lair_maze_entry_diamond,
          hellmonk_ghost_happy_afterlife
D:10:     layout_basic, trog_wizard
D:11:     layout_long_grid, serial_shops, nicolae_shop_statue_plus, minmay_puff
D:12:     layout_layer_cave, orc_0_dummy, serial_glass, glass_columns_b,
          glass_columns_b, nicolae_water_bricks, nicolae_blasting_shop,
          grunt_ministairs_15, uniq_urug, uniq_fannar
D:13:     layout_irregular_city, skrybe_vaults_entry_preservation
Lair:1:   layout_concentric_octagons, grunt_megastairs_2
Lair:2:   layout_loops_ring, skrybe_swamp_entry_bodies,
          minmay_snake_entry_guardpost_medium, st_stairs_4, grunt_megastairs_5,
          serial_bayou_shore_b
Lair:3:   layout_regular_city, uniq_nergalle
Lair:4:   layout_long_grid, pond
Lair:5:   layout_regular_city, minmay_slime_entry_oklob_enclosed,
          gammafunk_ghost_hive, infiniplex_staircase_pool_2, uniq_sonja
Lair:6:   due_jungle_book, layout_regular_city, gammafunk_ghost_cemetery,
          wad_woods_01, uniq_kirke
Orc:1:    layout_diamond_mine, serial_shops, shop
Orc:2:    grunt_orc_tribal_feast, layout_diamond_mine, serial_shops,
          nicolae_shop_statue_plus, gammafunk_ghost_arena

Skill      XL: |  1  2  3  4  5  6  7  8  9 10 11 12 13 14 |
---------------+-------------------------------------------+-----
Maces & Flails | 4 5 6 12 13 15 16 | 16.0
Fighting       | 9 10 11 12 | 12.7
Armour         | 1 2 4 6 7 9 10 | 10.8
Shields        | 3 4 5 7 9 |  9.5
Invocations    | 4 9 12 13 | 13.1
Dodging        | |  2.4
Stealth        | |  1.5

Action                   |  1- 3 |  4- 6 |  7- 9 | 10-12 | 13-15 || total
-------------------------+-------+-------+-------+-------+-------++-------
Melee: Mace              |   124 |   185 |   124 |       |       ||   433
       Flail             |       |       |    86 |       |       ||    86
       Morningstar       |       |       |   105 |   218 |       ||   323
       Unarmed           |       |       |       |     2 |       ||     2
       Whip              |       |       |       |   683 |   626 ||  1309
       Hand axe          |       |       |       |    11 |       ||    11
Throw: Dart              |       |    10 |     4 |     5 |     4 ||    23
Invok: Convert to Beogh  |       |       |     1 |       |       ||     1
       Smiting           |       |       |     2 |     6 |    15 ||    23
       Give Item to Name |       |       |       |     1 |     1 ||     2
       Recall Orcish Fol |       |       |       |       |     1 ||     1
Evoke: Wand              |       |       |       |     4 |     1 ||     5
  Use: Scroll            |       |     6 |     8 |    11 |    11 ||    36
       Potion            |       |     2 |       |     1 |     1 ||     4
 Stab: Distracted        |       |       |       |     5 |     8 ||    13
       Paralysed         |       |       |       |     6 |     3 ||     9
Armor: Robe              |    19 |       |       |       |       ||    19
       Ring mail         |     7 |       |       |       |       ||     7
       Scale mail        |     4 |    68 |     4 |       |    21 ||    97
       Skin              |       |     3 |     1 |     1 |       ||     5
       Ice dragon scales |       |       |    92 |   303 |    93 ||   488
Dodge: Dodged            |   118 |   102 |    92 |   279 |   208 ||   799
Block: Buckler           |       |       |    70 |   331 |   158 ||   559
       Reflection        |       |       |     2 |    11 |     4 ||    17
       Other             |       |       |       |     1 |       ||     1
       Tower shield      |       |       |       |       |   115 ||   115

Table legend: (Time is in decaauts)
 A = Elapsed time spent in this place.
 B = Non-inter-level travel time spent in this place.
 C = Inter-level travel time spent in this place.
 D = Time resting spent in this place.
 E = Time spent auto-exploring this place.
 F = Levels seen in this place.
 G = Mean time per level.
                   A        B        C        D        E       F      G
               +--------+--------+--------+--------+--------+-----+--------+
         Total |  22805 |  22002 |    803 |   3045 |  15422 |  21 | 1086.0 |
       Dungeon |  14044 |  13533 |    511 |   1394 |   9779 |  13 | 1080.3 |
          Lair |   8119 |   7845 |    274 |   1535 |   5318 |   6 | 1353.2 |
  Orcish Mines |    641 |    623 |     18 |    116 |    324 |   2 |  320.5 |
               +--------+--------+--------+--------+--------+-----+--------+

Top non-repeatable levels by time:
  Lair:5: 1859 daAuts
    D:12: 1711 daAuts
  Lair:1: 1543 daAuts
     D:8: 1455 daAuts
  Lair:6: 1425 daAuts
     D:1: 1394 daAuts
     D:2: 1294 daAuts
  Lair:2: 1284 daAuts
     D:7: 1283 daAuts
     D:3: 1245 daAuts
  Lair:4: 1209 daAuts
    D:11: 1101 daAuts
     D:5: 1012 daAuts
     D:6: 865 daAuts
    D:10: 845 daAuts
